 Dungeon Crawl Stone Soup version 0.23.1 (webtiles) character file.

Game seed: 8712675613740183576

315 Coolman4810 the Covered (level 6, 0/53 HPs)
             Began as a Hill Orc Abyssal Knight on Mar 8, 2019.
             Was a Priest of Lugonu.
             Succumbed to Robin's poison
             ... on level 4 of the Dungeon.
             The game lasted 00:12:43 (4137 turns).

Coolman4810 the Covered (Hill Orc Abyssal Knight)   Turns: 4137, Time: 00:12:43

Health: 0/53       AC:  8    Str: 17    XL:     6   Next: 44%
Magic:  7/7        EV: 10    Int: 15    God:    Lugonu [***...]
Gold:   90         SH:  0    Dex: 10    Spells: 5/5 levels left

rFire    . . .     SeeInvis .   k - +0 battleaxe
rCold    . . .     Gourm    .   (shield currently unavailable)
rNeg     + . .     Faith    .   d - +0 scale mail
rPois    .         Spirit   .   j - +1 hat
rElec    .         Reflect  .   (no cloak)
rCorr    .         Harm     .   (no gloves)
MR       .....                  (no boots)
Stlth    ..........             (no amulet)
HPRegen  0.17/turn              l - +3 ring of intelligence
MPRegen  0.10/turn              o - ring of positive energy

@: lethally poisoned (0 -> -11)
A: no striking features
a: Depart the Abyss, Bend Space, Banish, Renounce Religion


You were on level 4 of the Dungeon.
You worshipped Lugonu.
Lugonu was most pleased with you.
You were not hungry.

You visited 1 branch of the dungeon, and saw 4 of its levels.
You visited the Abyss 1 time.

You collected 90 gold pieces.

Inventory:

Hand Weapons
 a - a +1 mace
 k - a +0 battleaxe (weapon)
Armour
 b - a +0 leather armour
 d - a +0 scale mail (worn)
 e - a +0 ring mail
 j - a +1 hat (worn)
Jewellery
 l - a +3 ring of intelligence (left hand)
 o - a ring of positive energy (right hand)
Wands
 q - a wand of iceblast (5)
Scrolls
 g - 3 scrolls of remove curse
 n - a scroll of teleportation {unknown}
 t - a scroll of identify {unknown}
Potions
 f - a potion of brilliance {unknown}
 h - a potion of curing {unknown}
 m - a potion of might {unknown}
 p - a potion of ambrosia {unknown}
 r - 2 potions of resistance {unknown}
 s - a potion of agility


   Skills:
 + Level 4.7 Fighting
 + Level 3.7(4.5) Axes
 + Level 3.2(3.9) Maces & Flails
 + Level 4.7 Armour
 + Level 1.4 Dodging
 + Level 0.2 Stealth
 + Level 2.5 Invocations


You had 5 spell levels left.
You didn't know any spells.
Your spell library was empty.

Dungeon Overview and Level Annotations

Branches:
Dungeon (4/15)
 Temple: D:4-7

Altars:
Trog
Wu Jian

Annotations:
D:4 Robin


Message History

The goblin is severely wounded.
You closely miss the goblin. You closely miss the hobgoblin.
You barely miss the goblin. You hit Robin. You slash the goblin!
You kill the goblin!
Lugonu accepts your kill.
You feel sick. Robin barely misses you. The goblin hits you but does no damage.
The goblin barely misses you. The goblin closely misses you.
The hobgoblin hits you but does no damage.
Robin throws the goblin at you!
* * * LOW HITPOINT WARNING * * *
Unknown command.
As you read the scroll labeled LUVO BUECIUGG, it crumbles to dust.
You feel blessed for a moment.
It was a scroll of remove curse.
* * * LOW HITPOINT WARNING * * *
You feel sick. The goblin hits you.
* * * LOW HITPOINT WARNING * * *
The goblin barely misses you. x2; Robin hits you but does no damage.
You are more poisoned.
It was a potion of magic.
Magic courses through your body.
You die...

#.#.#.# . #.#.#.#
#.#.#.#
#[)..<#########
##..).........#
+..........$.#
#........†...#
#......g)g...#
+......g@g...#
#.......gg...#
#............#
#............#
#...............
###########.......
#........
######g..


g?g You could see Robin, a hobgoblin and 4 goblins.

Vanquished Creatures
  3 orc wizards
  Terence (D:3)
  Ijyb (D:3)
  A worker ant (D:4)
  4 adders
  3 gnolls (D:2)
  A worm (D:2)
  3 dart slugs
  2 leopard geckos
  6 orcs
  4 bats
  5 giant cockroaches
  14 goblins
  5 hobgoblins
  7 jackals
  3 ball pythons
  A frilled lizard (D:2)
  9 kobolds
  12 rats
85 creatures vanquished.

Notes
Turn   | Place    | Note
-------+----------+-------------------------------------------
     0 | Abyss:1  | Coolman4810 the Hill Orc Abyssal Knight began the quest for
                  | the Orb.
     0 | Abyss:1  | Reached XP level 1. HP: 19/19 MP: 2/2
    17 | D:1      | Escaped the Abyss
   184 | D:1      | Reached XP level 2. HP: 17/27 MP: 3/3
   581 | D:1      | Reached skill level 1 in Dodging
   857 | D:1      | Reached ** piety under Lugonu
   899 | D:1      | Reached XP level 3. HP: 29/33 MP: 4/4
  1517 | D:2      | Reached XP level 4. HP: 23/40 MP: 5/5
  1762 | D:2      | Found a faded altar of an unknown god.
  1773 | D:2      | Reached skill level 1 in Axes
  1948 | D:2      | Found an ornate altar of the Wu Jian Council.
  2298 | D:2      | Found a bloodstained altar of Trog.
  2886 | D:3      | Noticed Terence
  2895 | D:3      | Killed Terence
  2895 | D:3      | Reached XP level 5. HP: 18/46 MP: 6/6
  2966 | D:3      | Noticed Ijyb
  2979 | D:3      | Killed Ijyb
  3591 | D:3      | Reached XP level 6. HP: 42/53 MP: 7/7
  4051 | D:4      | Reached *** piety under Lugonu
  4118 | D:4      | Noticed Robin
  4136 | D:4      | HP: 1/53 [goblin[Robin] (3)]
  4137 | D:4      | Succumbed to Robin's poison

Skill      XL: |  1  2  3  4  5  6 |
---------------+-------------------+-----
Dodging        | 1 |  1.4
Maces & Flails | 3 |  3.2
Fighting       | 4 |  4.7
Armour         | 3 4 |  4.7
Axes           | 2 3 |  3.7
Stealth        | |  0.2
Invocations    | |  2.5

Action                   |  1- 3 |  4- 6 || total
-------------------------+-------+-------++-------
Melee: Mace              |    98 |       ||    98
       Battleaxe         |    12 |   201 ||   213
  Use: Scroll            |       |     1 ||     1
       Potion            |       |     1 ||     1
  Eat: Ration            |     1 |     3 ||     4
Armor: Scale mail        |    73 |   274 ||   347
Dodge: Dodged            |    81 |   250 ||   331
